AoeStats
← arizaa85

Arabia

507311912Analyzed
2v2 RM · 14d ago on Sep 17, 2026· 22m 27s· 4 players
Game mode
Random Map
Map size
Medium (4 player)
Population
200
Speed
Normal
Resources
Standard
Victory
Conquest
Starting age
Dark Age
Ending age
Imperial Age
RankedLock teamsTeams togetherTeam positionsShared explorationLock speedFull tech treeHidden civsTurbo modeCheats
Victory
Defeat
🇸🇰 Bohemians · Slovakia
747
+18
🇸🇰 Lithuanians · Slovakia
745
+18
🇮🇩 Poles · Indonesia
811
-18
🇹🇷 Turks · Türkiye
784
-38
Dr. Radko
4:01 Loom
9:54 Feudal Age
12:08 Horse Collar
20:03 Padded Archer Armor
19:54 Fletching
22:26 Castle Age
21:05 Fletching
21:46 Double-Bit Axe
22:37 Padded Archer Armor
samcút_NT
7:14 Loom
9:20 Feudal Age
10:08 Horse Collar
10:14 Double-Bit Axe
18:06 Castle Age
20:56 Husbandry
21:04 Scale Barding Armor
arizaa85
1:19 Loom
14:04 Feudal Age
15:22 Wheelbarrow
16:11 Town Watch
17:28 Horse Collar
18:11 Double-Bit Axe
mr.lee
0:33 Loom
10:55 Feudal Age
12:37 Wheelbarrow
11:44 Horse Collar
13:47 Bloodlines
14:30 Double-Bit Axe
Connection lost

Rejoining the realm…

Still unreachable

The connection could not be restored.

Session expired

The server has moved on; the page needs a fresh start.